 Dungeon Crawl Stone Soup version 0.26-a0-1131-g5f66e2dd50 (webtiles) character file.

Game seed: 1822575463183125219

278771 Adamkad1 the Peltast (level 21, -5/174 HPs)
             Began as a Formicid Fighter on Dec 17, 2020.
             Was an Initiate of Gozag.
             Killed from afar by a tengu reaver (33 damage)
             ... with a fireball
             ... on level 2 of the Depths on Dec 19, 2020.
             The game lasted 01:54:01 (45500 turns).

Adamkad1 the Peltast (Formicid Fighter)            Turns: 45500, Time: 01:54:01

Health: -5/174     AC: 28    Str: 25    XL:     21   Next: 29%
Magic:  22/22      EV: 11    Int: 11    God:    Gozag
Gold:   5202       SH: 28    Dex: 10    Spells: 2/21 levels left

rFire    + . .     SeeInvis +   J - +9 lajatang of Hospitality {freeze, +Blink rPois rC- rN+}
rCold    + . .     Faith    .   P - +0 tower shield
rNeg     + . .     Spirit   .   j - +2 plate armour {rC+}
rPois    +         Reflect  +   (helmet unavailable)
rElec    .         Harm     .   O - +1 cloak {rCorr}
rCorr    +         Rampage  .   I - +2 pair of gloves
Will     ++...                  r - +0 pair of boots {Fly}
Stlth    ..........             a - amulet of reflection
HPRegen  0.39/turn              B - ring of Joaptuz {rPois rF+ rC+ Str-3}
MPRegen  0.18/turn              T - ring of resist corrosion

@: flying
A: permanent stasis, dig shafts and tunnels, four strong arms, antennae 3
}: 2/15 runes: decaying, gossamer
a: Dig, Shaft Self, Stop Flying, Renounce Religion, Potion Petition, Call
Merchant, Bribe Branch


You were on level 2 of the Depths.
You worshipped Gozag.
Gozag was greatly pleased with you.
You visited 7 branches of the dungeon, and saw 34 of its levels.

You collected 14112 gold pieces.
You spent 6729 gold pieces at shops.
You paid 2181 gold pieces to Gozag.

Inventory:

Hand Weapons
 d - a +3 quarterstaff of protection
 J - the +9 lajatang of Hospitality (weapon) {freeze, +Blink rPois rC- rN+}
   (You acquired it on level 12 of the Dungeon)

   It has been specially enchanted to freeze those struck by it, causing extra
   injury to most foes and up to half again as much damage against particularly
   susceptible opponents.
   It can also slow down cold-blooded creatures.
   It makes you vulnerable to cold.
   It protects you from poison.
   It protects you from negative energy.
   It lets you blink.
Missiles
 L - 594 arrows
Armour
 b - the +0 pair of boots of Aliruq {Str+2}
   (You acquired it on level 12 of the Dungeon)

   It affects your strength (+2).
 j - a +2 plate armour of cold resistance (worn)
 k - a +0 cloak
 m - a +3 plate armour of fire resistance
 r - a +0 pair of boots of flying (worn)
 I - a +2 pair of gloves (worn)
 O - a +1 cloak of preservation (worn)
 P - a +0 tower shield (worn)
Jewellery
 a - an amulet of reflection (around neck)
 B - the ring of Joaptuz (left hand) {rPois rF+ rC+ Str-3}
   (You bought it in a shop on level 13 of the Dungeon)

   [ring of protection from cold]

   It affects your strength (-3).
   It protects you from fire.
   It protects you from cold.
   It protects you from poison.
 D - an uncursed ring of ice
 F - an uncursed amulet of the acrobat
 M - the ring of Perruum {Fire SInv}
   (You found it on level 14 of the Dungeon)

   [ring of fire]

   It enhances your fire magic.
   It protects you from fire.
   It makes you vulnerable to cold.
   It lets you see invisible.
 N - an uncursed amulet of guardian spirit
 S - the amulet "Sudahuh" {RegenMP rElec rC- Str+4 Dex+7}
   (You bought it in a shop on level 4 of the Lair of Beasts)

   [amulet of magic regeneration]

   It increases your magic regeneration.
   It affects your strength (+4).
   It affects your dexterity (+7).
   It makes you vulnerable to cold.
   It insulates you from electricity.
 T - a ring of resist corrosion (right hand)
Wands
 q - a wand of enslavement (5)
 t - a wand of iceblast (15)
 u - a wand of flame (36)
 v - a wand of digging (19)
 C - a wand of acid (6)
 G - a wand of paralysis (21)
 H - a wand of disintegration (7)
 K - a wand of polymorph (9)
 Z - a wand of random effects (9)
Scrolls
 e - 13 scrolls of remove curse
 f - 6 scrolls of fear
 g - 7 scrolls of immolation
 i - 11 scrolls of magic mapping
 o - 8 scrolls of amnesia
 y - 3 scrolls of identify
 E - 4 scrolls of enchant weapon
 Q - 4 scrolls of summoning
 X - 2 scrolls of enchant armour
Potions
 h - 3 potions of cancellation
 l - 6 potions of curing
 n - 3 potions of lignification
 p - 2 potions of resistance
 w - a potion of magic {unknown}
 x - 5 potions of heal wounds
 z - 6 potions of attraction
 A - 4 potions of brilliance
 R - a potion of mutation {unknown}
 Y - 3 potions of invisibility
Miscellaneous
 c - a condenser vane
 V - a phantom mirror


   Skills:
 * Level 17.1 Fighting
 + Level 16.4 Staves
 * Level 17.1 Armour
 + Level 8.3 Dodging
 + Level 19.4 Shields
 - Level 0.8 Spellcasting
 - Level 1.0 Transmutations
 + Level 10.1 Evocations


You had 2 spell levels left.
You knew the following spells:

 Your Spells              Type           Power        Failure   Level
a - Wereblood             Tmut           2%           90%         2
b - Statue Form           Tmut/Erth      0%           100%        6
c - Frozen Ramparts       Ice            0%           99%         3
d - Passwall              Tmut/Erth      0%           94%         2
e - Vampiric Draining     Necr           0%           99%         3
f - Ozocubu's Armour      Ice            0%           99%         3

Your spell library contained the following spells:

 Spells                   Type           Power        Failure   Level
 Beastly Appendage        Tmut           4%           80%         1
 Animate Skeleton         Necr           0%           91%         1
 Apportation              Tloc           0%           91%         1
 Corona                   Hex            0%           91%         1
 Freeze                   Ice            0%           91%         1
 Pain                     Necr           0%           91%         1
 Sandblast                Erth           0%           91%         1
 Summon Small Mammal      Summ           0%           91%         1
 Ensorcelled Hibernation  Hex/Ice        0%           97%         2
 Gell's Gravitas          Tloc           0%           99%         3
 Spider Form              Tmut/Pois      0%           99%         3
 Stone Arrow              Conj/Erth      0%           99%         3
 Animate Dead             Necr           0%           100%        4
 Hailstorm                Conj/Ice       0%           100%        4
 Ice Form                 Ice/Tmut       1%           100%        4
 Leda's Liquefaction      Hex/Erth       0%           100%        4
 Passage of Golubria      Tloc           N/A          100%        4
 Petrify                  Tmut/Erth      1%           100%        4
 Summon Ice Beast         Ice/Summ       0%           100%        4
 Agony                    Necr           0%           100%        5
 Blade Hands              Tmut           1%           100%        5
 Bolt of Magma            Conj/Fire/Erth 0%           100%        5
 Borgnjor's Vile Clutch   Necr/Erth      0%           100%        5
 Lee's Rapid Deconstruct  Erth           0%           100%        5
 Silence                  Hex/Air        0%           100%        5
 Invisibility             Hex            0%           100%        6
 Iron Shot                Conj/Erth      0%           100%        6
 Shadow Creatures         Summ           N/A          100%        6
 Shatter                  Erth           0%           100%        9
 Blink                    Tloc           Unusable     N/A         2
 Swiftness                Air            Unusable     N/A         2

Dungeon Overview and Level Annotations

Branches:
Dungeon (15/15)            Temple (1/1) D:4            Lair (6/6) D:10
  Swamp (4/4) Lair:4       Spider (4/4) Lair:4        Slime (0/5) Lair:5
    Orc (2/2) D:12            Elf (0/3) Orc:2        Vaults (0/5) D:13
 Depths (2/5) D:15

Altars:
Cheibriados
Dithmenos
Elyvilon
Gozag
Hepliaklqana
Kikubaaqudgha
Makhleb
Nemelex Xobeh
Qazlal
Sif Muna
Trog
Uskayaw
Vehumet
Wu Jian
Xom
Yredelemnul
Zin
The Shining One
Beogh
Lugonu

Shops:
D:12 (   D:13 =   D:15 [   Orc:1 [   Orc:2 [(:(   Lair:4 =   Swamp:4 [
Depths:1 :

Portals:
Hell: Lair:6 Depths:1
Abyss: Depths:1
Pandemonium: Depths:1

Annotations:
D:4 2 transporters, Dwachs's ghost, amateur GnWn
D:11 exclusion: door
D:15 2 runed translucent doors


Innate Abilities, Weirdness & Mutations

You cannot be hasted, slowed, berserked, paralysed or teleported.
You can dig through walls and to a lower floor.
Your four strong arms can wield two-handed weapons with a shield.
You have a pair of large antennae on your head. (SInv)


Message History

You block the hellwing's attack. x2
You block the hellwing's attack. x2
The hound changes into a scorpion!
You block the hellwing's attack. The hellwing closely misses you.
The tengu reaver points at you and mumbles some strange words.
The bolt of magma hits you!! You partially resist.
* * * LOW HITPOINT WARNING * * *
There is an open door here.
The scorpion changes into a swamp drake!
The swamp drake changes into a centaur!
The deep troll earth mage points at the centaur and mumbles some strange words.
The wall shatters!
The blast of rock fragments hits you but does no damage.
The centaur changes into a hound!
There is a stone staircase leading up here.
The hound changes into a boggart!
The tengu reaver casts a spell at you.
The fireball explodes!
The fireball engulfs you!! You resist.
You die...
Your body crumbles into a pile of gold.

##....##..##...##.###.###...
##....##.#.....#.###.###...
###..##....>..#.......+...
##....#.....#....)..#...
###..##...##.#####.#...
.....#####..# #<#...
###..........#####.####
#....####............ ####@#
##.#####.###.
#.#####..####.# #. .....
#.#...........###. ....
######Q#.#########..... .#
...##...$C4*{# { #.###. ..$
#...#....6g..# +# #.# #.
#(#?#...#.....TC.#{ ..# #.#
#. #.$..)..+........# #.+
#.. .. #(...#........# .4#
{#.# .#


You could see 2 frost giants, a monstrous demonspawn, a tengu reaver, a deep
troll earth mage, a hellwing, a boggart shaped shifter and a battlesphere.

Vanquished Creatures
  Arachne (Spider:3)
  2 liches
  Rupert (Lair:6)
  A tentacled monstrosity (Swamp:2)
  5 thorn hunters
  Roxanne (Spider:1)
  A frost giant (Depths:1)
  8 ghost moths
  4 emperor scorpions (Spider:4)
  An orc warlord (Orc:2)
  Louise (D:14)
  3 very ugly things (Depths:2)
  2 stone giants
  An ironheart preserver (D:13)
  Azrael (D:13)
  3 entropy weavers
  A dire elephant (Lair:6)
  4 bunyips
  4 spark wasps
  Snorg (D:14)
  5 eleionomae
  An ettin (Depths:2)
  Josephine (D:13)
  6 fire dragons
  A deep elf high priest (Depths:1)
  A yaktaur captain (Depths:2)
  3 shambling mangroves (Swamp:2)
  6 boulder beetles
  Harold (D:8)
  Erolcha (D:13)
  3 ice dragons (Depths:2)
  24 hydras
  4 ghost crabs
  An anaconda (Swamp:3)
  3 catoblepae
  Erica (D:11)
  5 centaur warriors
  10 alligators
  A death knight (D:13)
  2 tengu warriors
  5 two-headed ogres
  A deep troll shaman (Depths:2)
  2 spriggan berserkers (Swamp:4)
  Urug (Lair:6)
  A sixfirhy (Lair:6)
  An iron troll (Depths:2)
  5 goliath frogs
  3 deep trolls (Depths:2)
  5 spriggan druids
  A lindwurm (Lair:4)
  3 wizards
  13 swamp dragons
  An orange crystal statue (D:15)
  6 bog bodies
  Pikel (D:5)
  17 orb spiders
  A wolf spider zombie (D:15)
  4 orc knights
  6 will-o-the-wisps
  4 orc sorcerers
  13 ugly things
  6 oklob plants
  7 deep elf magi
  19 wolf spiders
  A manticore (D:12)
  4 cyclopes
  4 moths of wrath
  An elephant (D:10)
  2 orange demons (Lair:6)
  6 torpor snails
  10 black mambas
  2 gargoyles
  10 cane toads
  A kobold demonologist (D:13)
  2 rime drakes
  11 komodo dragons
  8 demonic crawlers
  An efreet (D:15)
  3 ice devils (Lair:6)
  A hellwing (Lair:6)
  A red devil (Lair:6)
  26 jumping spiders
  5 polar bears
  9 trolls
  12 tyrant leeches
  20 hornets
  11 blink frogs
  2 slime creatures (Lair:5)
  13 dream sheep
  7 spriggans
  Sigmund (D:5)
  4 wraiths
  15 tarantellas
  4 wyverns
  A water elemental (Depths:1)
  2 shadows
  67 redbacks
  51 yaks
  A vampire (D:15)
  A fire elemental (D:13)
  5 basilisks
  A steam dragon (Lair:5)
  14 swamp worms
  5 wargs
  19 water moccasins
  8 hell hounds
  An acid dragon (D:12)
  5 sky beasts
  11 swamp drakes
  47 orc warriors
  6 ice beasts
  4 black bears
  A hornet zombie (D:13)
  An eye of draining (shapeshifter) (D:12)
  An eye of draining (D:14)
  A necrophage (D:7)
  4 phantoms
  7 boggarts (Depths:1)
  12 ogres
  22 centaurs
  7 wolves
  8 big kobolds
  22 bullfrogs
  3 gnoll sergeants
  8 killer bees
  2 scorpions
  5 electric eels
  An oklob sapling (Swamp:2)
  17 wights
  4 howler monkeys
  2 bullfrog zombies
  A quasit (D:8)
  Crazy Yiuf (D:2)
  6 centaur zombies
  6 hounds
  8 jellies
  20 orc priests
  2 bullfrog skeletons
  5 centaur skeletons
  An iron imp (D:8)
  7 iguanas
  Ijyb (D:5)
  Natasha (twice) (D:2)
  24 orc wizards
  14 worker ants
  A hound skeleton (D:4)
  2 howler monkey zombies
  A howler monkey skeleton (D:6)
  13 gnolls
  8 adders
  3 shadow imps
  3 white imps
  2 ufetubi
  4 adder skeletons
  An adder zombie (D:7)
  A worm (D:2)
  A dart slug (D:2)
  7 leopard geckos
  117 orcs
  9 giant cockroaches
  2 goblins (D:1)
  8 hobgoblins
  9 jackals
  2 quokkas
  4 ball pythons
  8 bats
  3 frilled lizards
  43 kobolds
  A leopard gecko skeleton (D:4)
  A leopard gecko zombie (D:5)
  2 quokka zombies
  7 rats
  A fungus (Swamp:2)
1188 creatures vanquished.

Vanquished Creatures (collateral kills)
  An adder skeleton (D:11)
1 creature vanquished.

Vanquished Creatures (others)
  A demonic crawler (Spider:1)
  3 bloated husks
  2 redbacks (Spider:4)
  A water elemental (Depths:1)
  2 hell hounds (D:13)
  A swamp drake (Swamp:4)
  An orc warrior (D:12)
  A howler monkey (D:12)
  An adder skeleton (D:11)
  An orc (D:13)
  3 kobolds (D:13)
  22 foxfires
  33 fungi
  43 plants
115 creatures vanquished.

Grand Total: 1304 creatures vanquished

Notes
Turn   | Place    | Note
-------+----------+-------------------------------------------
     0 | D:1      | Adamkad1 the Formicid Fighter began the quest for the Orb.
     0 | D:1      | Reached XP level 1. HP: 18/18 MP: 1/1
   140 | D:1      | Reached XP level 2. HP: 24/24 MP: 2/2
   230 | D:1      | Reached skill level 4 in Shields
   318 | D:1      | Reached XP level 3. HP: 21/29 MP: 3/3
   866 | D:2      | Found a basalt altar of Yredelemnul.
  1266 | D:2      | Noticed Natasha
  1281 | D:2      | Killed Natasha
  1282 | D:2      | Reached XP level 4. HP: 8/37 MP: 4/4
  1287 | D:2      | Noticed Natasha
  1298 | D:2      | Killed Natasha
  1604 | D:2      | Found a runed translucent door.
  1605 | D:2      | Noticed Crazy Yiuf
  1632 | D:2      | Found a bloodstained altar of Trog.
  1866 | D:2      | Killed Crazy Yiuf
  1867 | D:2      | Reached XP level 5. HP: 28/42 MP: 0/5
  2431 | D:3      | Found a faded altar of an unknown god.
  2437 | D:3      | Reached skill level 5 in Shields
  2758 | D:3      | Found a shimmering blue altar of Sif Muna.
  2900 | D:4      | Found a transporter.
  2968 | D:4      | Noticed an ogre
  2971 | D:4      | Found a transporter.
  2977 | D:4      | Killed an ogre
  2978 | D:4      | Reached XP level 6. HP: 39/48 MP: 6/6
  2978 | D:4      | Noticed a shapeshifter
  2978 | D:4      | an adder changed into a shapeshifter
  2978 | D:4      | Noticed an eye of draining
  2978 | D:4      | a shapeshifter changed into an eye of draining
  2982 | D:4      | Noticed a shapeshifter
  2982 | D:4      | an eye of draining changed into a shapeshifter
  2982 | D:4      | Noticed a black bear
  2982 | D:4      | a shapeshifter changed into a black bear
  2983 | D:4      | Banished a black bear
  3055 | D:4      | Noticed Dwachs's ghost (amateur GnWn)
  3103 | D:4      | Found a staircase to the Ecumenical Temple.
  3110 | Temple   | Entered the Ecumenical Temple
  3246 | Temple   | Became a worshipper of Gozag Ym Sagoz the Greedy
  3315 | D:4      | Reached XP level 7. HP: 25/55 MP: 7/7
  3724 | D:4      | Reached skill level 6 in Shields
  4293 | D:5      | Entered Level 5 of the Dungeon
  4410 | D:5      | Reached skill level 5 in Staves
  4550 | D:5      | Noticed Pikel
  4582 | D:5      | Killed Pikel
  4583 | D:5      | Reached skill level 5 in Fighting
  4583 | D:5      | Reached skill level 5 in Armour
  4583 | D:5      | Reached skill level 7 in Shields
  4583 | D:5      | Reached XP level 8. HP: 15/63 MP: 8/8
  4780 | D:5      | Noticed Ijyb
  4786 | D:5      | Killed Ijyb
  4810 | D:5      | Noticed Sigmund
  4829 | D:5      | Killed Sigmund
  4920 | D:5      | Reached skill level 8 in Shields
  5032 | D:5      | Reached XP level 9. HP: 62/69 MP: 9/9
  5414 | D:6      | Found a shadowy altar of Dithmenos.
  6937 | D:7      | Reached skill level 9 in Shields
  8014 | D:8      | Noticed a two-headed ogre
  8030 | D:8      | Noticed a two-headed ogre
  8204 | D:8      | Noticed Harold
  8235 | D:8      | HP: 3/71 [Harold/+0 halberd (8)]
  8570 | D:7      | Reached XP level 10. HP: 67/77 MP: 10/10
  8676 | D:8      | Found a snail-covered altar of Cheibriados.
  8804 | D:8      | Killed a two-headed ogre
  8805 | D:8      | Reached skill level 10 in Shields
  9506 | D:8      | Found a shimmering altar of Xom.
  9648 | D:8      | Killed a two-headed ogre
  9844 | D:8      | Killed Harold
  9845 | D:8      | Reached skill level 11 in Shields
 10265 | D:9      | Reached XP level 11. HP: 85/85 MP: 11/11
 10363 | D:9      | Found a glowing golden altar of the Shining One.
 11095 | D:10     | Entered Level 10 of the Dungeon
 11138 | D:10     | Noticed a two-headed ogre
 11154 | D:10     | Killed a two-headed ogre
 11155 | D:10     | Reached skill level 10 in Staves
 11175 | D:10     | Found a stormy altar of Qazlal.
 11178 | D:10     | Noticed an elephant
 11216 | D:10     | Found a staircase to the Lair.
 11220 | D:10     | Noticed a two-headed ogre
 11242 | D:10     | Killed a two-headed ogre
 11243 | D:10     | Reached skill level 12 in Shields
 11417 | D:10     | Killed an elephant
 12190 | D:11     | Noticed a purple ugly thing
 12251 | D:11     | Killed a purple ugly thing
 12252 | D:11     | Reached XP level 12. HP: 79/94 MP: 12/12
 12962 | D:11     | Reached skill level 13 in Shields
 13021 | D:11     | Found a glowing silver altar of Zin.
 13564 | D:11     | Noticed Erica
 13570 | D:11     | Killed Erica
 14051 | D:12     | Found Ilinludgh's Antique Weapon Emporium.
 14213 | D:12     | Found a glowing golden altar of the Shining One.
 14711 | D:12     | Found a staircase to the Orcish Mines.
 15099 | D:13     | Noticed a death knight
 15101 | D:13     | Noticed an ironheart preserver
 15124 | D:12     | Identified 2 scrolls of acquirement
 15124 | D:12     | Acquired the +9 lajatang of Hospitality {freeze, +Blink
                  | rPois rC- rN+}
 15130 | D:12     | Acquired the +0 pair of boots of Aliruq {Str+2}
 15177 | D:13     | Reached skill level 14 in Shields
 15210 | D:13     | Noticed Josephine
 15216 | D:13     | Noticed a centaur warrior
 15307 | D:12     | Reached XP level 13. HP: 93/103 MP: 13/13
 15397 | D:13     | Killed an ironheart preserver
 15398 | D:13     | Reached skill level 10 in Fighting
 15461 | D:13     | Found a gate to the Vaults.
 15483 | D:12     | Reached skill level 10 in Armour
 15505 | D:13     | Noticed a boulder beetle
 15605 | D:13     | Noticed a boulder beetle
 15614 | D:13     | Killed a boulder beetle
 15669 | D:13     | Killed a centaur warrior
 15686 | D:13     | Noticed Azrael
 15965 | D:13     | Noticed a boulder beetle
 15970 | D:13     | Killed Azrael
 16478 | D:13     | Killed Josephine
 16481 | D:13     | Reached skill level 15 in Shields
 16533 | D:13     | Noticed Erolcha
 16541 | D:13     | Killed Erolcha
 16809 | D:13     | Killed a boulder beetle
 17009 | D:13     | Bought an uncursed amulet of reflection for 420 gold pieces
 17019 | D:13     | Bought the ring of Joaptuz {rPois rF+ rC+ Str-3} for 516
                  | gold pieces
 17147 | D:14     | Found a shimmering altar of Xom.
 17148 | D:14     | Found a shimmering altar of Xom.
 17149 | D:14     | Found a shimmering altar of Xom.
 17161 | D:14     | Noticed a centaur warrior
 17183 | D:14     | Killed a centaur warrior
 17184 | D:14     | Reached XP level 14. HP: 111/111 MP: 14/14
 17409 | D:14     | Found a glowing golden altar of the Shining One.
 17714 | D:14     | Got a transparent tin ring
 17933 | D:14     | Noticed Snorg
 17965 | D:14     | Killed Snorg
 18277 | D:14     | Noticed Louise
 18307 | D:14     | Killed Louise
 18308 | D:14     | Reached skill level 16 in Shields
 18640 | D:15     | Entered Level 15 of the Dungeon
 19147 | D:15     | Found Ythroalu's Antique Armour Boutique.
 19169 | D:15     | Found a runed translucent door.
 19219 | D:15     | Found a runed translucent door.
 19291 | D:15     | Found a runed translucent door.
 19314 | D:15     | Found a runed translucent door.
 19662 | D:15     | Identified the ring of Perruum {Fire SInv} (You found it on
                  | level 14 of the Dungeon)
 20146 | D:15     | Found a staircase to the Depths.
 20630 | Lair:1   | Entered Level 1 of the Lair of Beasts
 20844 | Lair:1   | Reached XP level 15. HP: 120/120 MP: 15/15
 21753 | Lair:2   | Reached skill level 1 in Dodging
 23273 | Lair:4   | Reached skill level 17 in Shields
 23306 | Lair:4   | Found a staircase to the Swamp.
 23366 | Lair:4   | Found a hole to the Spider Nest.
 25439 | Lair:5   | Found a staircase to the Slime Pits.
 25833 | Lair:6   | Entered Level 6 of the Lair of Beasts
 25846 | Lair:6   | Noticed Urug
 25854 | Lair:6   | Killed Urug
 25898 | Lair:5   | Reached skill level 1 in Evocations
 26374 | Lair:6   | Reached XP level 16. HP: 129/129 MP: 16/16
 26515 | Lair:6   | Noticed Rupert
 26563 | Lair:6   | Killed Rupert
 27255 | Lair:6   | Found a burning altar of Makhleb.
 27306 | Lair:6   | Found a gateway to Hell.
 27569 | Lair:6   | Got a fine chain mail
 27574 | Lair:6   | Identified the +1 chain mail "Tygolelu" {Int+2} (You found
                  | it on level 6 of the Lair of Beasts)
 27826 | Orc:1    | Entered Level 1 of the Orcish Mines
 28460 | Orc:1    | Reached skill level 15 in Staves
 28469 | Orc:1    | Found Moxtom's Armour Boutique.
 28719 | Orc:1    | Found a burning altar of Makhleb.
 28771 | Orc:2    | Entered Level 2 of the Orcish Mines
 29359 | Orc:2    | Found a roughly hewn altar of Beogh.
 29432 | Orc:2    | Found a roughly hewn altar of Beogh.
 29443 | Orc:2    | Found Jyxial's Antique Weapon Shoppe.
 29515 | Orc:2    | Found a roughly hewn altar of Beogh.
 29561 | Orc:2    | Found a roughly hewn altar of Beogh.
 29723 | Orc:2    | Found a roughly hewn altar of Beogh.
 29748 | Orc:2    | Found a staircase to the Elven Halls.
 29809 | Orc:2    | Found a roughly hewn altar of Beogh.
 29981 | Orc:2    | Found Qekagofa's Book Emporium.
 29988 | Orc:2    | Bought Codi's Reference Book on the Rocks and the Voyage
                  | for 360 gold pieces
 29988 | Orc:2    | Bought a book of the Earth for 1040 gold pieces
 30343 | Orc:2    | Found Xiemonust's Antique Armour Boutique.
 30343 | Orc:2    | Found a roughly hewn altar of Beogh.
 30360 | Orc:2    | Found Egecas's Antique Weapon Shop.
 30398 | Orc:2    | Bought a shiny plate armour for 702 gold pieces
 30549 | Orc:2    | Upgraded the game from 0.26-a0-1120-ga1b6d6fda9 to
                  | 0.26-a0-1129-gc5df7fbe6a
 30721 | Spider:1 | Entered Level 1 of the Spider Nest
 31367 | Lair:4   | Bought the amulet "Sudahuh" {RegenMP rElec rC- Str+4 Dex+7}
                  | for 721 gold pieces
 31367 | Lair:4   | Bought an uncursed ring of resist corrosion for 240 gold
                  | pieces
 31725 | Spider:1 | Identified Roxanne's Compendium of the Rocks
 31725 | Spider:1 | Noticed Roxanne
 31816 | Spider:1 | Killed Roxanne
 31817 | Spider:1 | Reached XP level 17. HP: 139/139 MP: 17/17
 32224 | Spider:2 | Reached skill level 5 in Dodging
 32732 | Spider:2 | Reached skill level 5 in Evocations
 33074 | Spider:3 | Noticed Arachne
 33086 | Spider:3 | Killed Arachne
 34368 | Spider:3 | Reached skill level 18 in Shields
 34809 | Spider:4 | Entered Level 4 of the Spider Nest
 35361 | Spider:4 | Reached skill level 15 in Fighting
 35429 | Spider:4 | Reached skill level 15 in Armour
 35491 | Spider:4 | Reached XP level 18. HP: 145/149 MP: 18/18
 37042 | Spider:4 | Got a gossamer rune of Zot
 37175 | Swamp:1  | Entered Level 1 of the Swamp
 38515 | Swamp:2  | Reached XP level 19. HP: 157/157 MP: 19/19
 38646 | Swamp:2  | Noticed a tentacled monstrosity
 38656 | Swamp:2  | Killed a tentacled monstrosity
 40633 | Swamp:3  | Reached skill level 19 in Shields
 40633 | Swamp:3  | Reached XP level 20. HP: 166/166 MP: 20/20
 40976 | Swamp:4  | Entered Level 4 of the Swamp
 42995 | Swamp:4  | Bought a +1 cloak of preservation for 330 gold pieces
 43023 | Swamp:4  | Got a decaying rune of Zot
 43550 | Depths:1 | Entered Level 1 of the Depths
 43573 | Depths:1 | Noticed a lich
 43583 | Depths:1 | Killed a lich
 43605 | Depths:1 | Learned a level 2 spell: Wereblood
 43612 | Depths:1 | Learned a level 6 spell: Statue Form
 43973 | Depths:1 | Got a bronze chain mail
 43974 | Depths:1 | Identified the cursed +1 chain mail of Kindness {+Inv rC-
                  | Str+4 Stlth+} (You found it on level 1 of the Depths)
 44010 | Depths:1 | Upgraded the game from 0.26-a0-1129-gc5df7fbe6a to
                  | 0.26-a0-1131-g5f66e2dd50
 44151 | Depths:1 | Found a corrupted altar of Lugonu.
 44153 | Depths:1 | Found a one-way gate to the infinite horrors of the Abyss.
 44229 | Depths:1 | Reached XP level 21. HP: 153/173 MP: 20/22
 44368 | Depths:1 | Reached skill level 1 in Transmutations
 44436 | Depths:1 | Found a one-way gate leading to the halls of Pandemonium.
 44679 | Depths:1 | Found Suehicol's Book Shoppe.
 44683 | Depths:1 | Bought a book of Dreams for 1200 gold pieces
 44683 | Depths:1 | Bought a book of Burglary for 1200 gold pieces
 44687 | Depths:1 | Learned a level 3 spell: Frozen Ramparts
 44690 | Depths:1 | Learned a level 2 spell: Passwall
 44694 | Depths:1 | Learned a level 3 spell: Vampiric Draining
 44698 | Depths:1 | Learned a level 3 spell: Ozocubu's Armour
 45327 | Depths:2 | Reached skill level 10 in Evocations
 45418 | Depths:2 | Noticed a lich
 45429 | Depths:2 | Killed a lich
 45474 | Depths:2 | Noticed a golden dragon
 45500 | Depths:2 | Killed from afar by a tengu reaver

Illustrated notes

Levels and vault maps discovered:
D:1:      wander_arrival_estate, layout_rooms, serial_forest,
          infiniplex_forest_end_double, infiniplex_forest_lined_room_,
          infiniplex_forest_lined_room_2, infiniplex_forest_clump_cross,
          infiniplex_forest_clump_small, infiniplex_forest_lined_2
D:2:      layout_loops_ring, bloody_trog, lemuel_crystal_altar, uniq_natasha,
          uniq_crazy_yiuf_cottage
D:3:      layout_loops_ring, led_sif_book,
          chequers_ecumenical_altar_simple_redux, minmay_misc_feat_doors
D:4:      minmay_octagon_keep, layout_basic, minmay_temple_entry_overgrown,
          gammafunk_ghost_mausoleum
D:5:      layout_loops_ring, nicolae_overflow_hidden_temple, uniq_sigmund,
          uniq_pikel, uniq_ijyb
D:6:      layout_layer_cave, grunt_dithmenos_smoke
D:7:      layout_layer_cave
D:8:      layout_gridville, kennysheep_little_box, slow_altar_1,
          minmay_fractal_squares_5, uniq_harold
D:9:      layout_loops_cross, lemuel_round_altar
D:10:     layout_stronghold, david_lair_generic, enter_bailey_2,
          grunt_qazlal_sundering
D:11:     layout_roguey [special_room_orc], basic_altar, uniq_erica
D:12:     layout_cave_pools, david_orc_1_choice, serial_shops, kennysheep_mini,
          kennysheep_small_circle
D:13:     layout_cave_pools, skrybe_vaults_entry_preservation, uniq_erolcha,
          uniq_azrael, uniq_josephine
D:14:     layout_roguey, xom_redecorated, nicolae_tso_carved_into_rock,
          uniq_louise, uniq_snorg
D:15:     grunt_enter_depths_hoard, layout_loops_cross, serial_shops, shop,
          chequers_hall_statues_y, hangedman_decor_points,
          minmay_statue_crystal_thing
Temple:   regret_index_temple_generic_petals
Lair:1:   layout_big_grid
Lair:2:   layout_concentric_octagons, infiniplex_staircase_pool_2
Lair:3:   layout_concentric_octagons, kennysheep_catoblepas_arena
Lair:4:   layout_cellular_growth, skrybe_swamp_entry_bodies, dummy_spider_entry,
          serial_bayou_shore_a, minmay_lair_oklob_chamber, lemuel_fruit_tree
Lair:5:   layout_regular_city, minmay_slime_entry_pillars, forest_entry_grove,
          grunt_megastairs_2
Lair:6:   evil_forest, layout_regular_city, minmay_lair_oklob_items,
          uniq_rupert, uniq_urug
Swamp:1:  layout_basic_swamp, evilmike_swamp_ruin_rubble_2, swamp_pool4
Swamp:2:  nicolae_swamp_phyte_club, layout_falls_marsh,
          evilmike_swamp_ruin_house_2, swamp_pool1, hangedman_swamp_grove,
          infiniplex_staircase_pool
Swamp:3:  layout_basic_swamp, evilmike_swamp_ruin_house_4, swamp_pool1,
          nicolae_swamp_snake_nest
Swamp:4:  swamp_basic_johnstein, layout_basic_swamp
Spider:1: cheibrodos_forgotten_conduit, guppyfry_hornet_nest, uniq_roxanne
Spider:2: layout_spider_delve
Spider:3: layout_spider_delve, drop_trap, uniq_arachne
Spider:4: johnstein_spider_rune_arachne_lair
Orc:1:    nicolae_orc_accident_3, layout_caves, enter_volcano_4, serial_shops,
          shop, bloody_makhleb
Orc:2:    grunt_orc_community_town_hall, layout_diamond_mine,
          grunt_orc_community_big_house_2, grunt_orc_community_big_house_2,
          grunt_orc_community_house_3, grunt_orc_community_house_2,
          grunt_orc_community_house_1, grunt_orc_community_house_1, basic_altar
Depths:1: layout_forbidden_donut, grunt_pan_entry_zigzag,
          abyss_entry_flame_altar, pf_coc_iceberg, serial_shops,
          kennysheep_mini_moat, kennysheep_underground_church,
          grunt_megastairs_4, serial_bayou_shore_b
Depths:2: minmay_the_grid_octo_tiled_squarecenter_mashed
          [minmay_the_grid_octo_thin_diamonds, minmay_the_grid_octo_fat_diamond,
          minmay_the_grid_octo_toaster, minmay_the_grid_octo_pinwheel,
          minmay_the_grid_square_5x5_megaprize_checkered,
          minmay_the_grid_square_5x5_shuriken,
          minmay_the_grid_square_5x5_checkered_statues,
          minmay_the_grid_square_5x5_tetrominoes,
          minmay_the_grid_square_5x5_misaligned], layout_gridlike, hell_entry,
          nrook_mini_backslash, rand_demon_pan_entry_4, minmay_staircase_bubble,
          uniq_asterion

Skill      XL: |  1  2  3  4  5  6  7  8  9 10 11 12 13 14 15 16 17 18 19 20 21 |
---------------+----------------------------------------------------------------+-----
Shields        | 4 5 7 8 9 11 12 14 15 16 17 18 19 | 19.4
Staves         | 3 4 5 6 7 9 10 12 13 14 15 16 | 16.4
Fighting       | 4 5 6 7 8 9 10 11 12 14 15 16 17 | 17.1
Armour         | 4 5 6 7 8 9 10 11 12 14 15 16 17 | 17.1
Dodging        | 3 4 6 7 8 |  8.3
Evocations     | 1 4 6 7 9 10 | 10.1
Transmutations | 1 |  1.0
Spellcasting   | |  0.8

Action                   |  1- 3 |  4- 6 |  7- 9 | 10-12 | 13-15 | 16-18 | 19-21 || total
-------------------------+-------+-------+-------+-------+-------+-------+-------++-------
Melee: Quarterstaff      |   118 |   105 |   379 |   732 |   300 |    20 |    97 ||  1751
       Lajatang          |       |       |       |    37 |   686 |  1302 |   565 ||  2590
Invok: Potion Petition   |       |       |       |     1 |       |       |       ||     1
       Call Merchant     |       |       |       |       |     1 |     1 |     1 ||     3
 Abil: Stop Flying       |       |     1 |       |       |       |       |       ||     1
       Dig               |       |       |     5 |     5 |    13 |    45 |     3 ||    71
       Evoke Flight      |       |       |       |       |       |     1 |       ||     1
Evoke: Wand              |       |       |       |     1 |     6 |    69 |     1 ||    77
       Phantom mirror    |       |       |       |       |       |     1 |       ||     1
  Use: Potion            |       |     1 |       |     1 |     4 |       |     4 ||    10
       Scroll            |       |       |       |    18 |    15 |     5 |     3 ||    41
 Stab: Distracted        |       |       |     2 |     3 |     3 |    11 |     5 ||    24
       Petrifying        |       |       |     3 |     1 |       |       |       ||     4
       Petrified         |       |       |     2 |     2 |       |       |       ||     4
       Confused          |       |       |     1 |     1 |       |     1 |       ||     3
       Paralysed         |       |       |       |    17 |       |     5 |       ||    22
Armor: Scale mail        |    81 |    29 |    87 |    29 |       |       |       ||   226
       Plate armour      |       |       |       |   184 |   273 |   311 |   234 ||  1002
       Skin              |       |       |       |       |    87 |       |       ||    87
       Acid dragon scale |       |       |       |       |       |     3 |       ||     3
Dodge: Dodged            |    55 |    36 |    97 |   143 |   123 |   233 |   155 ||   842
Block: Kite shield       |    96 |    40 |   209 |   392 |   246 |       |       ||   983
       Reflection        |       |       |       |       |    38 |    39 |    10 ||    87
       Tower shield      |       |       |       |       |   612 |  1209 |   645 ||  2466

Table legend: (Time is in decaauts)
 A = Elapsed time spent in this place.
 B = Non-inter-level travel time spent in this place.
 C = Inter-level travel time spent in this place.
 D = Time resting spent in this place.
 E = Time spent auto-exploring this place.
 F = Levels seen in this place.
 G = Mean time per level.
                   A        B        C        D        E       F      G
               +--------+--------+--------+--------+--------+-----+--------+
         Total |  44549 |  42418 |   2131 |  11764 |  19845 |  34 | 1310.3 |
       Dungeon |  21010 |  19905 |   1105 |   5733 |   9780 |  15 | 1400.7 |
        Temple |    191 |    151 |     40 |      0 |    120 |   1 |  191.0 |
          Lair |   7412 |   6840 |    572 |    932 |   4259 |   6 | 1235.3 |
         Swamp |   5946 |   5796 |    150 |   2563 |   1633 |   4 | 1486.5 |
   Spider Nest |   5976 |   5823 |    153 |   2060 |   1920 |   4 | 1494.0 |
  Orcish Mines |   2121 |   2065 |     56 |    212 |   1083 |   2 | 1060.5 |
        Depths |   1890 |   1837 |     53 |    264 |   1049 |   2 |  945.0 |
               +--------+--------+--------+--------+--------+-----+--------+

Top non-repeatable levels by time:
     D:7: 3020 daAuts
    D:12: 2531 daAuts
 Swamp:4: 2212 daAuts
Spider:4: 2193 daAuts
 Swamp:2: 1876 daAuts
    D:14: 1871 daAuts
  Lair:4: 1848 daAuts
    D:11: 1685 daAuts
    D:15: 1656 daAuts
  Lair:6: 1537 daAuts
Spider:3: 1496 daAuts
   Orc:2: 1472 daAuts
Depths:1: 1373 daAuts
     D:4: 1281 daAuts
Spider:2: 1272 daAuts
